 Dungeon Crawl Stone Soup version 0.23-a0-182-g58cdd98 (webtiles) character file.

14872 Amnesiac the Black Sun (level 11, -3/75 HPs)
             Began as a Mummy Monk on Sept 20, 2018.
             Was a High Priest of Kikubaaqudgha.
             Slain by an ice beast (5 damage)
             ... in an ice cave.
             The game lasted 00:35:33 (17022 turns).

Amnesiac the Black Sun (Mummy Monk)                Turns: 17022, Time: 00:35:34

Health: -3/75      AC:  7    Str: 14    XL:     11   Next: 94%
Magic:  1/37       EV: 13    Int: 17    God:    Kikubaaqudgha [*****.]
Gold:   921        SH:  0    Dex: 15    Spells: 9/36 levels left

rFire    x . .     SeeInvis .   a - +1 whip (elec)
rCold    + . .     Gourm    .   (no shield)
rNeg     + + +     Faith    +   h - +2 robe {MR+}
rPois    ∞         Spirit   .   (no helmet)
rElec    .         Reflect  .   q - +0 cloak
rCorr    .         Harm     .   m - +0 pair of gloves
MR       ++...                  l - +0 pair of boots
Stlth    ++........             f - amulet of faith
HPRegen  0.22/turn              t - ring of magical power
MPRegen  0.25/turn              o - +4 ring of intelligence

@: very slightly contaminated
A: no food or potions, fire vulnerability, cold resistance 1, negative energy
resistance 3, torment resistance, unbreathing
a: Receive Corpses, Torment, Renounce Religion


You were in an ice cave.
You worshipped Kikubaaqudgha.
Kikubaaqudgha was extremely pleased with you.
You were not hungry.

You visited 4 branches of the dungeon, and saw 14 of its levels.
You also visited: Ice Cave.

You collected 921 gold pieces.

Inventory:

Hand Weapons
 a - a +1 whip of electrocution (weapon)
 b - a +0 blowgun
Missiles
 g - 7 curare-tipped needles
Armour
 h - a +2 robe of magic resistance (worn)
 j - a +2 ring mail of fire resistance
 l - a +0 pair of boots (worn)
 m - a +0 pair of gloves (worn)
 q - a +0 cloak (worn)
 x - a +0 troll leather armour
Jewellery
 f - an amulet of faith (around neck)
 o - a +4 ring of intelligence (right hand)
 t - a ring of magical power (left hand)
 z - an uncursed ring of flight
 A - an uncursed amulet of guardian spirit
Wands
 c - a wand of random effects (7)
 e - a wand of polymorph (14)
 u - a wand of acid (1)
Scrolls
 i - 3 scrolls of enchant armour {!r}
 k - 6 scrolls of enchant weapon {!r}
 n - a scroll of amnesia {!r}
 p - 2 scrolls of remove curse {!r}
 s - 5 scrolls of identify {!r}
 v - 2 scrolls of fog {!r}
 w - a scroll of holy word {!r}
 y - 2 scrolls of teleportation {!r}
 B - a scroll of brand weapon {!r}


   Skills:
 - Level 3.0 Fighting
   Level 2.4 Short Blades
 - Level 2.4 Dodging
 - Level 1.5 Stealth
 - Level 13.0 Spellcasting
 * Level 14.1 Necromancy
 - Level 5.0 Evocations


You had 9 spell levels left.
You knew the following spells:

 Your Spells              Type           Power        Failure   Level  Hunger
a - Bolt of Draining      Conj/Necr      #####.....   10%         5    N/A
b - Agony                 Necr           ######..     1%          5    N/A
c - Dispel Undead         Necr           ######..     1%          5    N/A
d - Vampiric Draining     Necr           ######....   1%          3    N/A
e - Borgnjor's Vile Clut  Necr/Erth      #####.....   10%         5    N/A
f - Animate Skeleton      Necr           N/A          1%          1    N/A
s - Corpse Rot            Necr           N/A          1%          2    N/A
z - Confusing Touch       Hex            ##....       6%          1    N/A

Your spell library contained the following spells:

 Spells                   Type           Power        Failure   Level  Hunger
 Pain                     Necr           ####         1%          1    N/A
 Confuse                  Hex            ##......     19%         3    N/A
 Gell's Gravitas          Tloc           ##........   19%         3    N/A
 Simulacrum               Ice/Necr       #####.....   47%         6    N/A
 Petrify                  Tmut/Erth      ##......     52%         4    N/A
 Metabolic Englaciation   Hex/Ice        ##........   86%         5    N/A
 Yara's Violent Unravell  Hex/Tmut       ##........   86%         5    N/A

Dungeon Overview and Level Annotations

Branches:
Dungeon (10/15)            Temple (1/1) D:6            Lair (1/6) D:9
    Orc (2/2) D:9             Elf (0/3) Orc:2

Altars:
Ashenzari
Cheibriados
Dithmenos
Elyvilon
Gozag
Hepliaklqana
Kikubaaqudgha
Makhleb
Nemelex Xobeh
Okawaru
Qazlal
Ru
Trog
Uskayaw
Vehumet
Wu Jian
Xom
Yredelemnul
Zin
The Shining One

Shops:
D:10 :

Annotations:
Lair:1 exclusion: oklob plant


Innate Abilities, Weirdness & Mutations

You do not eat or drink.
Your flesh is vulnerable to fire.
You are immune to poison.
Your flesh is cold resistant. (rC+)
You are immune to negative energy. (rN+++)
You are immune to unholy pain and torment.
You can survive without breathing.


Message History

Kikubaaqudgha delivers you corpses! Kikubaaqudgha delivers you corpses!
Casting: Borgnjor's Vile Clutch (slightly dangerous; 10% risk of failure)
Confirm with . or Enter, or press ? or * to list all spells.
You sense decay.
Casting: Corpse Rot (safe; 1% risk of failure)
Confirm with . or Enter, or press ? or * to list all spells.
Aiming: Vampiric Draining (safe; 1% risk of failure)
Press: ? - help, Shift-Dir - straight line, f - white ugly thing
Aim: a white ugly thing
Okay, then.
The ice beast misses you. The ice beast closely misses you.
You see here a rime drake skeleton.
Casting: Vampiric Draining (safe; 1% risk of failure)
Confirm with . or Enter, or press ? or * to list all spells.
Aiming: Vampiric Draining (safe; 1% risk of failure)
Press: ? - help, Shift-Dir - straight line, f - ice beast
Aim: an ice beast The ice beast is heavily wounded.
You feel life coursing into your body.
The ice beast hits you but does no damage.
The ice beast misses you.
Unknown command.
Casting: Vampiric Draining (safe; 1% risk of failure)
Confirm with . or Enter, or press ? or * to list all spells.
Aiming: Vampiric Draining (safe; 1% risk of failure)
Press: ? - help, Shift-Dir - straight line, f/p - ice beast
Aim: an ice beast (heavily wounded)
You kill the ice beast!
Kikubaaqudgha accepts your kill.
You feel life coursing into your body.
The ice beast hits you but does no damage.
The ice beast misses you.
Unknown command.
The ice beast misses you. Kikubaaqudgha delivers you corpses!
The ice beast hits you but does no damage.
The ice beast hits you.
* * * LOW HITPOINT WARNING * * *
The ice beast freezes you. You resist.
* * * LOW HITPOINT WARNING * * *
The ice beast barely misses you. Kikubaaqudgha delivers you corpses!
The ice beast hits you but does no damage.
The ice beast misses you.
The ice beast hits you but does no damage. x2
The ice beast hits you.
* * * LOW HITPOINT WARNING * * *
The ice beast freezes you. You resist.
* * * LOW HITPOINT WARNING * * *
You see here a rime drake corpse.
The ice beast hits you but does no damage.
Casting: Vampiric Draining (safe; 1% risk of failure)
Confirm with . or Enter, or press ? or * to list all spells.
You sense decay.
The ice beast is engulfed in dark miasma.
The ice beast is poisoned.
The ice beast closely misses you. The ice beast misses you.
The ice beast is engulfed in dark miasma. x2
The ice beast hits you.
* * * LOW HITPOINT WARNING * * *
The ice beast freezes you. You resist.
You die...
Kikubaaqudgha rasps: "You have failed me!
Welcome... oblivion!"

.........##
..........##
|..8.......#
.$.....§§..#
}©(...§§§∩.#
.)....§.§§§#
?..8...uY§.#
.......YYY##
.......Y@##
........##
##...####
####


You could see a white ugly thing and 5 ice beasts.

Vanquished Creatures
  Harold (D:7)
  2 two-headed ogres
  Nergalle (Orc:1)
  Sonja (D:10)
  A cyclops (D:10)
  A black mamba (Lair:1)
  A spiny frog (Lair:1)
  2 komodo dragons
  4 trolls
  A queen bee (Lair:1)
  Grinder (D:5)
  A hornet (D:10)
  Prince Ribbit (D:5)
  5 yaks (D:10)
  2 hungry ghosts
  Grum (D:9)
  A human (D:4)
  Eustachio (D:7)
  A warg (D:9)
  A water moccasin (Lair:1)
  A porcupine (Lair:1)
  An ice beast (IceCv)
  4 sky beasts
  2 black bears
  3 phantoms
  3 orc warriors
  2 necrophages (D:8)
  9 ogres
  9 wolves
  A centaur (D:8)
  A big kobold (D:8)
  Blork the orc (D:5)
  3 bullfrogs
  A water moccasin zombie (D:9)
  5 scorpions
  27 killer bees
  9 wights (D:8)
  2 howler monkeys
  A bullfrog zombie (D:6)
  3 centaur zombies
  6 crimson imps
  A quasit (D:7)
  5 hounds
  5 orc priests
  A jelly (D:9)
  A centaur skeleton (D:5)
  6 orc wizards
  A gnoll shaman (D:8)
  3 iguanas
  6 worker ants
  A killer bee zombie (D:8)
  A hound zombie (D:8)
  A worker ant zombie (D:8)
  12 gnolls
  8 adders
  A shadow imp (D:7)
  4 white imps (Orc:2)
  2 oozes (D:1)
  2 worms (D:2)
  3 dart slugs (D:1)
  2 leopard geckos
  33 orcs
  4 giant cockroaches
  5 goblins
  5 hobgoblins
  19 jackals
  2 quokkas
  6 bats
  6 frilled lizards
  A goblin zombie (D:4)
  A jackal skeleton (D:4)
  11 kobolds
  A leopard gecko skeleton (D:8)
  2 leopard gecko zombies (D:5)
  A quokka skeleton (D:4)
  3 quokka zombies
  A rat (D:1)
  A rat zombie (D:7)
  A plant (D:9)
293 creatures vanquished.

Vanquished Creatures (others)
  A gnoll (D:8)
  6 withered plants (D:8)
7 creatures vanquished.

Grand Total: 300 creatures vanquished

Notes
Turn   | Place    | Note
-------+----------+-------------------------------------------
     0 | D:1      | Amnesiac the Mummy Monk began the quest for the Orb.
     0 | D:1      | Reached XP level 1. HP: 18/18 MP: 1/1
   175 | D:3      | Reached skill level 1 in Spellcasting
   270 | D:3      | Noticed an orc wizard
   307 | D:4      | Found a runed door.
   307 | D:4      | Noticed a human
   307 | D:4      | Noticed a worker ant
   316 | D:4      | Found a basalt altar of Yredelemnul.
   394 | D:3      | Noticed an earth elemental
   396 | D:3      | Found a stormy altar of Qazlal.
   397 | D:3      | Noticed a fire elemental
   397 | D:3      | Noticed an air elemental
   397 | D:3      | Noticed a water elemental
   412 | D:4      | Reached XP level 2. HP: 23/24 MP: 5/5
   471 | D:5      | Entered Level 5 of the Dungeon
   692 | D:4      | Found a shattered altar of Ashenzari.
   788 | D:4      | Reached XP level 3. HP: 21/29 MP: 5/8
  1876 | D:4      | Reached skill level 5 in Spellcasting
  1876 | D:4      | Reached XP level 4. HP: 28/35 MP: 6/11
  2336 | D:4      | Reached XP level 5. HP: 20/41 MP: 7/13
  2741 | D:5      | Noticed Blork the orc
  2744 | D:5      | Killed Blork the orc
  2756 | D:5      | Noticed Grinder
  2759 | D:5      | Noticed a sky beast
  2760 | D:5      | Noticed an orc warrior
  2761 | D:5      | Paralysed by Grinder for 3 turns
  2785 | D:5      | Noticed a sky beast
  3185 | D:5      | Noticed Prince Ribbit
  3262 | D:5      | Reached XP level 6. HP: 44/47 MP: 13/16
  3559 | D:5      | Reached skill level 1 in Evocations
  3817 | D:5      | Killed Prince Ribbit
  3817 | D:5      | Reached XP level 7. HP: 18/52 MP: 7/17
  4239 | D:6      | Reached skill level 5 in Evocations
  4306 | D:6      | Learned a level 1 spell: Confusing Touch
  4543 | D:6      | Noticed Eustachio
  4664 | D:7      | Noticed Harold
  4712 | D:8      | Noticed a hungry ghost
  4965 | D:7      | You fall through a shaft!
  4986 | D:8      | Reached XP level 8. HP: 46/58 MP: 17/20
  5267 | D:9      | Found a staircase to the Lair.
  5523 | D:9      | Reached skill level 10 in Spellcasting
  5932 | D:9      | Noticed Grum
  5938 | D:10     | Entered Level 10 of the Dungeon
  6078 | D:10     | Found Zupt's Book Shop.
  6120 | D:10     | Reached XP level 9. HP: 48/63 MP: 21/24
  6271 | D:9      | Found a staircase to the Orcish Mines.
  6882 | D:7      | Killed Eustachio
  7058 | D:6      | Found a staircase to the Ecumenical Temple.
  7070 | Temple   | Entered the Ecumenical Temple
  7128 | Temple   | Became a worshipper of Kikubaaqudgha
  7128 | Temple   | Reached * piety under Kikubaaqudgha
  7128 | Temple   | Identified Kikubaaqudgha's Compendium of Evil
                  | (Kikubaaqudgha gifted it to you in the Ecumenical Temple)
  7128 | Temple   | Received a gift from Kikubaaqudgha
  7128 | Temple   | Reached ** piety under Kikubaaqudgha
  7635 | D:1      | Learned a level 2 spell: Corpse Rot
  7639 | D:1      | Learned a level 3 spell: Vampiric Draining
  7970 | D:2      | Found an iron altar of Okawaru.
  8373 | D:3      | Reached skill level 1 in Necromancy
  8449 | D:3      | Reached *** piety under Kikubaaqudgha
  8449 | D:3      | Identified Kikubaaqudgha's Reference Book on Black Arts
                  | (Kikubaaqudgha gifted it to you on level 3 of the Dungeon)
  8449 | D:3      | Received a gift from Kikubaaqudgha
  8517 | D:3      | Learned a level 5 spell: Dispel Undead
  8523 | D:3      | Learned a level 5 spell: Agony
  8529 | D:3      | Learned a level 5 spell: Bolt of Draining
  8535 | D:3      | Learned a level 5 spell: Borgnjor's Vile Clutch
  8911 | D:4      | Reached skill level 2 in Necromancy
  9113 | D:5      | Reached skill level 3 in Necromancy
  9238 | D:5      | Paralysed by Grinder for 6 turns
  9250 | D:5      | Killed Grinder
  9250 | D:5      | Reached skill level 4 in Necromancy
  9727 | D:7      | Killed Harold
  9727 | D:7      | Reached skill level 6 in Necromancy
  9727 | D:7      | Reached XP level 10. HP: 60/70 MP: 24/27
 10381 | D:7      | Learned a level 1 spell: Animate Skeleton
 10393 | D:7      | Reached skill level 7 in Necromancy
 11361 | D:8      | Reached skill level 8 in Necromancy
 11525 | D:8      | Reached **** piety under Kikubaaqudgha
 12070 | D:9      | Reached skill level 9 in Necromancy
 12092 | D:9      | Killed Grum
 12529 | D:9      | Noticed a two-headed ogre
 12552 | D:9      | Killed a two-headed ogre
 12552 | D:9      | Reached skill level 10 in Necromancy
 12949 | D:10     | Noticed a two-headed ogre
 12963 | D:10     | Killed a two-headed ogre
 12963 | D:10     | Reached skill level 11 in Necromancy
 12963 | D:10     | Reached XP level 11. HP: 55/75 MP: 26/28
 13205 | D:10     | Noticed Sonja
 13222 | D:10     | Killed Sonja
 13957 | D:10     | Reached skill level 12 in Necromancy
 14304 | Lair:1   | Entered Level 1 of the Lair of Beasts
 15000 | Lair:1   | Noticed an oklob plant
 15241 | Lair:1   | Reached ***** piety under Kikubaaqudgha
 15250 | Lair:1   | Reached skill level 13 in Necromancy
 15970 | Orc:1    | Entered Level 1 of the Orcish Mines
 15970 | Orc:1    | Noticed Nergalle
 15984 | Orc:1    | Killed Nergalle
 16665 | Orc:1    | Reached skill level 14 in Necromancy
 16755 | Orc:1    | Found a bloodstained altar of Trog.
 16934 | Orc:2    | Entered Level 2 of the Orcish Mines
 17001 | Orc:2    | Found a frozen archway.
 17009 | Orc:2    | HP: 3/75 [white imp/puff of frost (3)]
 17010 | IceCv    | Entered an ice cave
 17010 | IceCv    | Noticed a white ugly thing
 17022 | IceCv    | HP: 2/75 [ice beast (3)]
 17022 | IceCv    | Slain by an ice beast

Vault maps used:
D:1:      dpeg_arrival_windows_large_door
D:2:      okawaru_metal_pillars_3
D:3:      first_ration, nicolae_qazlal_style_of_elements
D:4:      kennysheep_mini_moat, minmay_tree_intersection, dk_yredelemnul_ordeal
D:5:      uniq_prince_ribbit1, uniq_grinder, uniq_blork_the_orc
D:6:      minmay_temple_entry_overgrown, uniq_eustachio
D:7:      enter_ossuary_4, grunt_ogre_cave, uniq_harold
D:8:      serial_undead, serial_undead_d, serial_undead_a, serial_undead_a,
          serial_undead_e, serial_undead_e, serial_undead_e
D:9:      david_lair_shrubbed, orc_0_dummy, uniq_grum
D:10:     serial_shops, nicolae_shop_crystal, lemuel_old_faithful, uniq_sonja
Temple:   regret_index_temple_sigil_plot
Lair:1:   minmay_lair_oklob_bushes
Orc:1:    serial_shops, nicolae_shop_behind_doors, bloody_trog, uniq_nergalle
Orc:2:    pf_orc_diabolical, portal_ice_cave_entry_imps, lightli_orcish_oven
IceCv:    ice_cave_statue_garden_transporter

Skill      XL: |  1  2  3  4  5  6  7  8  9 10 11 |
---------------+----------------------------------+-----
Spellcasting   | 2 3 5 7 8 11 13 | 13.0
Evocations     | 4 5 |  5.0
Necromancy     | 6 11 14 | 14.1
Fighting       | |  3.0
Short Blades   | |  2.4
Dodging        | |  2.4
Stealth        | |  1.5

Action                   |  1- 3 |  4- 6 |  7- 9 | 10-12 || total
-------------------------+-------+-------+-------+-------++-------
Melee: Short sword       |   119 |    85 |       |       ||   204
       Whip              |       |    24 |   425 |   271 ||   720
       Unarmed           |       |       |     1 |       ||     1
 Fire: Blowgun           |       |       |       |     8 ||     8
 Cast: Corpse Rot        |       |       |     1 |    16 ||    17
       Confusing Touch   |       |       |     1 |       ||     1
       Dispel Undead     |       |       |       |    21 ||    21
       Vampiric Draining |       |       |       |    24 ||    24
       Bolt of Draining  |       |       |       |   100 ||   100
       Agony             |       |       |       |     5 ||     5
       Animate Skeleton  |       |       |       |     3 ||     3
       Borgnjor's Vile C |       |       |       |     5 ||     5
Invok: Receive Corpses   |       |       |     1 |     8 ||     9
Evoke: Wand              |       |     6 |     6 |    10 ||    22
  Use: Scroll            |     2 |       |     8 |    11 ||    21
 Stab: Sleeping          |     2 |     1 |     2 |     2 ||     7
       Confused          |       |     1 |     1 |       ||     2
       Distracted        |       |       |     1 |       ||     1
Armor: Leather armour    |    36 |     6 |       |       ||    42
       Ring mail         |       |    21 |   231 |    83 ||   335
       Animal skin       |       |       |       |    22 ||    22
       Robe              |       |       |       |    30 ||    30
Dodge: Dodged            |    82 |    58 |   319 |   275 ||   734

Table legend:
 A = Non-vault XP
 B = Vault XP
 C = Vault XP percentage of total XP
 D = Non-vault monster count
 E = Vault monster count
 F = Vault count percentage of total count
                 A         B        C        D         E       F
            +---------+---------+-------+---------+---------+-------
      Total |   13923 |    7323 |  34.5 |     234 |      58 |  19.9
            +---------+---------+-------+---------+---------+-------
        D:1 |      47 |       0 |   0.0 |      17 |       0 |   0.0
        D:2 |      45 |       0 |   0.0 |      16 |       0 |   0.0
        D:3 |     203 |       0 |   0.0 |      20 |       0 |   0.0
        D:4 |     250 |     197 |  44.1 |      15 |       2 |  11.8
        D:5 |     645 |     659 |  50.5 |      24 |       3 |  11.1
        D:6 |     347 |       0 |   0.0 |      13 |       0 |   0.0
        D:7 |     601 |    1267 |  67.8 |      16 |       5 |  23.8
        D:8 |    1540 |     698 |  31.2 |      32 |      11 |  25.6
        D:9 |    2060 |     801 |  28.0 |      25 |       4 |  13.8
       D:10 |    4509 |     917 |  16.9 |      25 |       2 |   7.4
     Lair:1 |    2191 |    1783 |  44.9 |      11 |      25 |  69.4
      Orc:1 |    1391 |     828 |  37.3 |      14 |       1 |   6.7
      Orc:2 |      94 |      41 |  30.4 |       6 |       4 |  40.0
      IceCv |       0 |     132 | 100.0 |       0 |       1 | 100.0
            +---------+---------+-------+---------+---------+-------
